Map: Catalisador LE

Players

AntonioRMS - Winner!

  • Race: Zerg Zerg
  • League: Silver
  • Spawn Location: 11:00

Roriro

  • Race: Terran Terran
  • League: Platinum
  • Spawn Location: 5:00

VOD

Have the link to the VOD?

Description

Time

  • Played on: Nov. 18, 2017, 5:01 p.m.
  • Length: 20:44
Show
View Real Time Build Order
Export as new Build Order

AntonioRMS Zerg - Winner!

Build Orders: Hatch First 

Get SALT Encoding   

  12  0:01  Drone  
  13  0:14  Overlord  
  14  0:21  Drone  
  14  0:35  Drone x2  
  16  0:40  Drone  
  17  0:55  Hatchery  
  16  1:02  Drone  
  17  1:15  Spawning Pool, Drone  
  17  1:22  Drone  
  17  1:23  Extractor  
  17  1:25  Drone  
  18  1:37  Drone  
  19  1:46  Drone  
  20  1:52  Overlord  
  20  2:03  Queen  
  20  2:05  Overlord  
  20  2:07  Queen  
  24  2:12  Zergling x2  
  24  2:13  Drone  
  26  2:19  Drone  
  27  2:23  Metabolic Boost  
  27  2:25  Drone  
  28  2:30  Drone  
  28  2:35  Zergling x2  
  30  2:42  Zergling x2  
  31  3:05  Drone x3  
  32  3:06  Drone  
  35  3:19  Zergling x4  
  37  3:20  Drone x2  
  39  3:29  Zergling x6  
  39  3:30  Zergling x4  
  39  3:33  Lair  
  43  3:42  Drone  
  43  3:43  Overlord x2  
  44  3:53  Hatchery  
  43  3:56  Overlord, Drone  
  43  4:00  Extractor, Drone  
  44  4:07  Queen  
  46  4:22  Evolution Chamber  
  45  4:38  Zergling x8  
  45  4:39  Overlord  
  45  4:40  Drone x5  
  45  4:44  Extractor  
  52  4:46  Extractor  
  52  4:50  Zerg Ground Armor Level 1  
  51  4:56  Hydralisk Den  
  51  4:58  Spore Crawler  
  49  5:02  Spore Crawler  
  48  5:15  Overseer  
  48  5:17  Baneling Nest  
  48  5:19  Drone x2  
  48  5:20  Overlord x2, Drone x4  
  53  5:21  Drone x2  
  55  5:33  Drone  
  55  5:34  Drone x2  
  55  5:35  Drone  
  59  5:36  Drone  
  59  5:37  Drone  
  59  5:42  Drone  
  62  5:46  Queen  
  62  5:49  Hydralisk  
  64  5:50  Hydralisk  
  64  5:54  Zergling x4  
  70  6:20  Zergling x2  
  70  6:21  Zergling x14  
  78  6:30  Hydralisk x4  
  81  6:41  Drone x3  
  83  6:51  Hydralisk x2  
  87  6:55  Baneling x6  
  87  6:56  Overlord x3, Baneling x2  
  87  7:09  Overlord x2  
  87  7:10  Zergling x2  
  88  7:17  Zerg Melee Weapons Level 1  
  88  7:22  Evolution Chamber  
  88  7:24  Muscular Augments  
  88  7:25  Centrifical Hooks  
  87  7:36  Burrow, Zergling x2  
  88  7:37  Zergling x14  
  88  7:38  Drone x2  
  88  7:39  Drone x2  
  99  7:46  Overseer x2  
  99  7:50  Zerg Missile Weapons Level 1  
  99  7:54  Zergling x6  
  102  8:05  Baneling x2  
  102  8:06  Baneling x5  
  102  8:13  Drone x5  
  102  8:14  Drone x2  
  102  8:15  Zergling x12  
  102  8:17  Baneling x2  
  102  8:18  Baneling  
  115  8:41  Zergling x2  
  115  8:42  Zergling x10  
  115  8:45  Zergling x6  
  115  8:46  Zergling x2  
  124  9:00  Zergling x10  
  99  9:29  Drone x7  
  99  9:30  Drone x2  
  104  9:33  Queen  
  101  9:54  Drone x2  
  101  9:55  Drone x2  
  104  10:02  Zergling x10  
  104  10:03  Zergling x4  
  111  10:09  Queen  
  111  10:13  Hydralisk x2  
  117  10:23  Drone  
  117  10:24  Drone x2  
  120  10:30  Spore Crawler  
  120  10:31  Spore Crawler  
  120  10:34  Spore Crawler x2  
  115  11:01  Spore Crawler x2  
  115  11:04  Hydralisk x10  
  113  11:05  Hydralisk  
  135  11:14  Extractor  
  135  11:16  Extractor  
  109  11:46  Zergling x16  
  109  11:47  Zergling x2  
  117  12:07  Zergling x8  
  121  12:16  Infestation Pit  
  121  12:17  Zerg Melee Weapons Level 2  
  121  12:18  Zerg Ground Armor Level 2  
  120  12:24  Evolution Chamber  
  120  12:29  Hydralisk x9  
  133  12:40  Zergling x2  
  133  12:41  Zergling x8  
  133  12:42  Overlord x2  
  137  12:51  Zergling x4  
  136  12:58  Zergling x2  
  138  12:59  Overlord x4  
  138  13:40  Hatchery  
  135  13:43  Zergling x24  
  147  13:50  Baneling  
  147  13:51  Baneling x12  
  147  13:57  Zerg Missile Weapons Level 2  
  147  13:59  Hive  
  147  14:04  Hatchery  
  147  14:07  Infestor x5  
  156  14:11  Pathogen Glands  
  156  14:37  Spore Crawler  
  155  14:39  Lair  
  155  14:49  Infestor x4  
  155  14:51  Zergling x12  
  169  15:03  Hydralisk x5  
  169  15:04  Hydralisk  
  180  15:12  Baneling  
  180  15:13  Baneling x6  
  180  15:15  Overlord x4  
  180  15:16  Overlord  
  180  15:40  Pneumatized Carapace  
  176  16:23  Zergling x18  
  184  16:45  Zergling x16  
  184  16:56  Queen  
  185  17:01  Lair  
  132  17:17  Zergling x10  
  132  17:18  Zergling x12  
  102  17:42  Zergling x2  
  102  17:43  Zergling x18  
  80  17:55  Zergling x12  
  76  18:02  Hydralisk x3  
  80  18:14  Hydralisk x4  
  88  18:20  Hydralisk x2  
  88  18:25  Spore Crawler  
  91  18:27  Spore Crawler  
  91  18:29  Spore Crawler  
  91  18:30  Spore Crawler  
  91  18:31  Hydralisk x3  
  91  18:32  Hydralisk x7  
  91  18:33  Baneling  
  91  18:34  Baneling x6  
  108  18:35  Baneling  
  108  18:39  Infestor x3  
  108  18:40  Infestor x2  
  117  19:13  Hydralisk  
  117  19:42  Zergling x2  
  117  19:43  Zergling x40  
  136  20:14  Baneling x6  
  136  20:15  Baneling x3, Hydralisk  
  136  20:16  Hydralisk x11  
Show
View Real Time Build Order
Export as new Build Order

Roriro Terran 

Build Orders: MMM Bio 

Get SALT Encoding   

  12  0:01  SCV  
  13  0:13  SCV  
  14  0:17  Supply Depot  
  14  0:25  SCV  
  15  0:38  SCV  
  15  0:40  Barracks  
  16  0:50  Refinery  
  16  0:51  SCV  
  17  1:03  SCV  
  18  1:15  SCV  
  19  1:32  Command Center, SCV  
  20  1:35  Marine  
  21  1:47  Orbital Command  
  21  1:58  Supply Depot  
  21  2:02  Barracks Reactor  
  21  2:06  Refinery  
  21  2:12  SCV  
  22  2:24  Factory  
  22  2:25  SCV  
  23  2:41  Marine x2  
  23  2:42  SCV  
  26  2:51  Barracks  
  27  2:52  Orbital Command  
  27  2:55  Bunker  
  26  2:58  Marine  
  26  3:02  Marine  
  28  3:05  SCV  
  29  3:13  Factory Reactor  
  29  3:17  SCV  
  30  3:21  Supply Depot  
  30  3:22  Marine x2  
  32  3:37  SCV x2  
  32  3:38  Engineering Bay  
  34  3:41  Supply Depot  
  34  3:49  SCV x2  
  34  3:51  Barracks Tech Lab  
  34  3:53  Starport  
  36  4:01  SCV  
  36  4:02  SCV  
  38  4:04  Refinery  
  38  4:06  Supply Depot  
  38  4:08  Terran Infantry Weapons Level 1  
  38  4:12  Stimpack  
  38  4:14  SCV  
  38  4:16  SCV  
  40  4:26  SCV  
  40  4:28  Starport  
  41  4:31  Starport Reactor  
  41  4:36  Supply Depot  
  40  4:47  SCV x2  
  40  4:49  Factory Tech Lab  
  40  4:52  Refinery  
  42  4:56  Medivac  
  42  4:59  Supply Depot, SCV x2, Marine x2  
  48  5:09  Starport Tech Lab  
  48  5:11  SCV  
  48  5:14  Missile Turret, SCV  
  49  5:20  Siege Tank  
  53  5:24  Marine x2  
  53  5:27  Medivac x2  
  59  5:38  SCV x2  
  59  5:40  Liberator  
  59  5:41  Marine x2  
  63  5:45  Medivac  
  63  5:49  Barracks  
  65  5:50  SCV x2  
  65  5:53  Supply Depot  
  67  6:02  SCV  
  71  6:12  Combat Shields  
  71  6:15  Supply Depot  
  70  6:21  Marine x3  
  70  6:23  Medivac x2  
  74  6:38  Marine  
  74  6:39  Medivac, Marine x2  
  77  6:41  Supply Depot  
  77  6:49  Terran Infantry Armor Level 1  
  77  6:54  Barracks Reactor  
  77  6:56  Marine x2  
  77  6:57  Command Center, Marine  
  80  7:03  Barracks  
  80  7:06  Barracks  
  80  7:09  SCV  
  80  7:10  Factory, SCV  
  80  7:15  Supply Depot  
  82  7:22  SCV x2  
  84  7:23  Siege Tank  
  84  7:28  Marine x3  
  90  7:34  SCV  
  91  7:37  Concussive Shells  
  91  7:39  Supply Depot  
  91  7:45  Missile Turret, Marine  
  91  7:46  Marauder  
  94  7:53  SCV  
  94  7:55  Missile Turret, Siege Tank  
  98  8:08  Marine  
  98  8:09  Marauder, Barracks Tech Lab  
  101  8:13  Barracks Reactor  
  101  8:14  Factory Tech Lab  
  101  8:18  Sensor Tower  
  101  8:27  Supply Depot  
  101  8:31  Marauder  
  103  8:44  Hi-Sec Auto Tracking  
  103  8:48  Widow Mine  
  105  8:50  Factory  
  105  8:52  Marauder  
  105  9:14  Marauder  
  105  9:16  Widow Mine  
  104  9:35  Marauder  
  106  9:45  Widow Mine  
  108  9:48  Reaper, Marine x4  
  108  9:49  Marine x2  
  110  9:56  Marine  
  108  10:06  Marine x2  
  110  10:11  SCV x2  
  110  10:13  SCV  
  113  10:16  Factory Reactor  
  113  10:17  Command Center  
  113  10:22  Armory x2, Marine  
  113  10:23  SCV, Marine x5  
  113  10:24  SCV, Marine x2  
  113  10:25  Armory  
  113  10:26  SCV  
  124  10:36  SCV x2  
  124  10:38  SCV  
  124  10:40  Marine  
  125  10:56  Bunker  
  125  10:58  SCV x2  
  125  10:59  SCV  
  125  11:03  Medivac x2, Viking  
  125  11:04  Bunker  
  134  11:06  Refinery  
  134  11:08  Bunker  
  134  11:10  SCV  
  134  11:11  SCV  
  136  11:13  Marine x5  
  136  11:16  Liberator x2  
  103  11:59  SCV  
  104  12:02  Siege Tank  
  104  12:03  Siege Tank  
  104  12:06  Terran Infantry Armor Level 2  
  110  12:11  Terran Ship Weapons Level 1, Terran Vehicle And Ship Armor Level 1, Terran Vehicle Weapons Level 1  
  110  12:12  Marine x3  
  113  12:24  SCV  
  113  12:27  Missile Turret  
  110  12:48  SCV x2  
  110  13:13  Siege Tank x2  
  110  13:14  Marine x6  
  110  13:15  Marine x2  
  113  13:32  Marine x3  
  116  13:37  Marine x4  
  116  13:38  Marine  
  116  13:41  Missile Turret  
  121  13:50  Marine x3  
  121  13:55  Marine  
  125  14:12  Bunker  
  125  14:16  Supply Depot  
  125  14:18  SCV x2  
  125  14:22  Terran Infantry Weapons Level 2  
  125  14:23  SCV  
  128  14:27  Command Center  
  128  14:30  SCV  
  129  14:31  Missile Turret  
  129  14:40  Missile Turret  
  129  15:02  Sensor Tower  
  129  15:04  Siege Tank x2  
  129  15:05  Orbital Command  
  135  15:07  Sensor Tower  
  135  15:08  Refinery  
  135  15:21  SCV x2  
  135  15:23  Missile Turret  
  135  15:26  Terran Vehicle Weapons Level 2, Terran Vehicle And Ship Armor Level 2  
  135  15:27  Terran Ship Weapons Level 2  
  136  15:33  Marine  
  136  15:34  Bunker, Marine x4  
  141  15:43  Command Center  
  115  16:13  SCV x2  
  115  16:15  Refinery  
  117  16:21  Supply Depot  
  116  16:28  Marine x2  
  116  16:29  Marine x6  
  124  16:44  Supply Depot  
  124  16:45  Supply Depot  
  124  16:46  Marine  
  125  16:50  Supply Depot  
  125  16:59  Reaper, Marine x5  
  125  17:00  Marine  
  132  17:04  Marine  
  132  17:08  Supply Depot  
  117  17:14  Planetary Fortress  
  88  17:17  Marine x3  
  79  17:35  Marine x4  
  79  17:36  Marine x3  
  79  17:54  Orbital Command  
  79  17:55  SCV x2  
  81  18:07  SCV  
  82  18:24  Supply Depot  
  82  18:30  Siege Tank x2  
  88  18:35  Building Armor  
  88  18:44  Medivac  
  88  18:46  Refinery  
  93  19:02  Siege Tank  
  93  19:03  Siege Tank  
  82  19:21  Supply Depot  
  81  19:28  Medivac x2  
  85  19:32  SCV  
  86  19:44  SCV  
  87  19:55  Orbital Command  
  87  19:56  SCV  
  80  20:07  Marine x5  
  80  20:08  SCV  
  86  20:17  Marine  
  86  20:18  Marine  
Tags
 
Composition
MMM Bio
Matchup
TvZ
Spawn Locations
Cross Positions
Add a new tag
Caveats
  • Supply blocks, unpowered buildings, or Contaminate may cause inaccurate times.
  • Supply counts are checked every 10 seconds.